General information
- name: BNet
- type: Ladder team game (AT/RT)
- host: Battle.net
- saver: PingyMonkeys
map: CentaurGrove
- players: 4
- length: 20:10
- speed: Fast
- version: 1.24 W3XP
- replay type: Public
» download(88 KB)
Players
team 1 (loser)
LoRdTG (
green | 41 APM | 819 actions | 20:08)
5 Warden
2 Fan of Knives
3 Shadow Strike
» actions
| Assign group hotkey | 11 | |
| Basic commands | 86 | |
| Build / train | 60 | |
| Enter build submenu | 11 | |
| Enter hero's abilities submenu | 5 | |
| Give item / drop item | 2 | |
| Remove unit from queue | 5 | |
| Right click | 338 | |
| Select / deselect | 241 | |
| Select group hotkey | 12 | |
| Use ability | 48 | |
819 total
» units
| Wisp | 19 | |
| Huntress | 2 | |
| Dryad | 17 | |
| Druid of the Claw | 4 | |
42 total
» upgrades
| Abolish Magic | 1 | |
| Druid of the Claw Training | 2 | |
| Mark of the Claw | 1 | |
4 total
» buildings
| Altar of Elders | 1 | |
| Moon Well | 7 | |
| Hunter's Hall | 1 | |
| Ancient of War | 2 | |
| Tree of Ages | 1 | |
| Tree of Eternity | 1 | |
| Ancient of Lore | 2 | |
| Tree of Life | 1 | |
16 total
» build order
00:11 Altar of Elders
00:18 Moon Well
01:26 Hunter's Hall
01:54 Ancient of War
02:09 Ancient of War
02:35 Moon Well
02:39 Moon Well
03:31 Tree of Ages
05:53 Tree of Eternity
06:00 Ancient of Lore
06:01 Ancient of Lore
07:12 Moon Well
07:13 Moon Well
11:55 Moon Well
11:56 Moon Well
16:08 Tree of Life
» items
SHAWTYITYOBOOTY (
yellow | 120 APM | 2053 actions | 17:10)
4 Tauren Chieftain
2 Endurance Aura
2 War Stomp
» actions
| Assign group hotkey | 66 | |
| Basic commands | 10 | |
| Build / train | 64 | |
| Enter build submenu | 9 | |
| Enter hero's abilities submenu | 5 | |
| Give item / drop item | 1 | |
| Remove unit from queue | 4 | |
| Right click | 834 | |
| Select / deselect | 252 | |
| Select group hotkey | 772 | |
| Use ability | 34 | |
2053 total
» units
| Peon | 8 | |
| Troll Headhunter/Berserker | 20 | |
| Demolisher | 2 | |
30 total
» upgrades
| Ranged Weapons | 3 | |
| Armor | 3 | |
| Troll Regeneration | 1 | |
| Berserker Upgrade | 1 | |
| Pillage | 1 | |
| Backpack | 1 | |
| Burning Oil | 1 | |
11 total
» buildings
| Altar of Storms | 1 | |
| Orc Burrow | 4 | |
| War Mill | 1 | |
| Barracks | 1 | |
| Voodoo Lounge | 1 | |
| Stronghold | 1 | |
| Fortress | 1 | |
10 total
» build order
00:04 Altar of Storms
00:08 Orc Burrow
00:43 War Mill
01:14 Barracks
01:55 Voodoo Lounge
02:07 Orc Burrow
03:24 Stronghold
04:40 Orc Burrow
07:39 Fortress
14:12 Orc Burrow
» items
| Healing Salve | 2 | |
| Lesser Clarity Potion | 1 | |
| Scroll of Speed | 1 | |
| Scroll of Town Portal | 1 | |
| Potion of Lesser Invulnerability | 1 | |
| Dust of Appearance | 1 | |
| Orb of Lightning | 1 | |
8 total
team 2 (winner)
drinkmethanol (
orange | 56 APM | 638 actions | 11:22)
4 Blademaster
2 Wind Walk
2 Critical Strike
» actions
| Assign group hotkey | 22 | |
| Basic commands | 15 | |
| Build / train | 42 | |
| Enter build submenu | 23 | |
| Enter hero's abilities submenu | 4 | |
| Right click | 299 | |
| Select / deselect | 79 | |
| Select group hotkey | 97 | |
| Use ability | 57 | |
638 total
» units
» upgrades
| Liquid Fire | 1 | |
| Ranged Weapons | 1 | |
2 total
» buildings
| Altar of Storms | 1 | |
| Orc Burrow | 7 | |
| War Mill | 1 | |
| Voodoo Lounge | 1 | |
| Watch Tower | 8 | |
| Stronghold | 1 | |
| Fortress | 1 | |
| Beastiary | 3 | |
23 total
» build order
00:16 Altar of Storms
00:19 Orc Burrow
00:25 War Mill
00:58 Voodoo Lounge
01:54 Watch Tower
02:42 Watch Tower
02:47 Watch Tower
03:35 Stronghold
04:47 Watch Tower
04:51 Orc Burrow
05:37 Watch Tower
05:38 Watch Tower
06:58 Fortress
07:02 Beastiary
07:03 Beastiary
07:05 Beastiary
08:03 Watch Tower
08:06 Watch Tower
09:32 Orc Burrow
09:36 Orc Burrow
11:08 Orc Burrow
11:11 Orc Burrow
11:16 Orc Burrow
» items
| Healing Salve | 2 | |
| Lesser Clarity Potion | 5 | |
| Scroll of Speed | 2 | |
| Circlet of Nobility | 1 | |
| Boots of Speed | 3 | |
| Orb of Lightning | 1 | |
14 total
PingyMonkeys (
blue | 81 APM | 1637 actions | 20:10)
6 Mountain King
3 Storm Bolt
2 Bash
1 Avatar
3 Blademaster
1 Critical Strike
1 Bladestorm
1 Wind Walk
» actions
| Assign group hotkey | 124 | |
| Basic commands | 30 | |
| Build / train | 95 | |
| ESC pressed | 3 | |
| Enter build submenu | 47 | |
| Enter hero's abilities submenu | 9 | |
| Give item / drop item | 7 | |
| Right click | 599 | |
| Select / deselect | 196 | |
| Select group hotkey | 420 | |
| Use ability | 107 | |
1637 total
» units
| Peasant | 14 | |
| Goblin Shredder | 1 | |
| Gryphon Rider | 10 | |
| Troll Batrider | 3 | |
| Wind Rider | 3 | |
31 total
» upgrades
| Masonry | 3 | |
| Storm Hammers | 1 | |
| Swords | 2 | |
| Lumber Harvesting | 1 | |
| Armor | 4 | |
| Ranged Weapons | 1 | |
| Reinforced Defenses | 1 | |
| Envenomed Spears | 1 | |
14 total
» buildings
| Altar of Kings | 1 | |
| Farm | 11 | |
| Lumber Mill | 1 | |
| Scout Tower | 19 | |
| Arcane Tower | 2 | |
| Guard Tower | 18 | |
| Keep | 1 | |
| Town Hall | 1 | |
| Castle | 2 | |
| Gryphon Aviary | 3 | |
| Blacksmith | 1 | |
| Orc Burrow | 6 | |
| Watch Tower | 3 | |
69 total
» build order
00:08 Altar of Kings
00:28 Farm
01:07 Lumber Mill
01:11 Farm
01:21 Scout Tower
01:49 Arcane Tower
01:51 Scout Tower
02:23 Guard Tower
03:18 Scout Tower
03:22 Scout Tower
03:42 Keep
04:38 Guard Tower
04:38 Guard Tower
05:24 Scout Tower
05:48 Scout Tower
06:12 Scout Tower
06:13 Scout Tower
06:13 Scout Tower
06:13 Scout Tower
06:19 Scout Tower
06:20 Scout Tower
06:21 Scout Tower
06:46 Guard Tower
06:47 Guard Tower
06:51 Town Hall
06:55 Guard Tower
06:56 Castle
06:57 Castle
06:58 Guard Tower
07:06 Guard Tower
07:07 Guard Tower
07:51 Guard Tower
07:53 Farm
07:56 Farm
09:26 Gryphon Aviary
09:26 Gryphon Aviary
09:27 Gryphon Aviary
09:30 Farm
09:59 Blacksmith
10:10 Farm
10:12 Farm
11:31 Orc Burrow
11:32 Orc Burrow
14:04 Farm
14:04 Farm
14:05 Farm
14:43 Orc Burrow
14:43 Orc Burrow
14:44 Orc Burrow
14:47 Orc Burrow
15:11 Watch Tower
15:12 Watch Tower
15:13 Watch Tower
16:03 Scout Tower
16:04 Scout Tower
16:04 Scout Tower
16:06 Scout Tower
16:07 Scout Tower
16:08 Scout Tower
16:41 Guard Tower
16:41 Guard Tower
17:13 Guard Tower
18:59 Farm
» items
| Boots of Speed | 1 | |
| Staff of Teleportation | 1 | |
| Lesser Clarity Potion | 5 | |
| Healing Salve | 3 | |
| Orb of Lightning | 1 | |
| Scroll of Town Portal | 2 | |
13 total
Chat log
(00:59 / Allies) PingyMonkeys: those rats are sitting in a private channel
(01:02 / Allies) PingyMonkeys: discussin gwhat happened
(01:14 / Allies) drinkmethanol: probably talking about how they hate america
(01:24 / Allies) PingyMonkeys: probably
(01:42 / Allies) PingyMonkeys: warden tc
(01:44 / Allies) PingyMonkeys: we have a challenger
(02:14 / Allies) PingyMonkeys: gogo
(02:18 / Allies) PingyMonkeys: GO
(03:10 / Allies) PingyMonkeys: get the boots
(03:12 / Allies) PingyMonkeys: from that shop
(03:50 / Allies) drinkmethanol: gimme 100 gikd
(03:53 / Allies) drinkmethanol: guld
(04:03 / Allies) PingyMonkeys: stop gayfking
(05:03 / Allies) PingyMonkeys: nice
(05:14 / All) drinkmethanol: nice tp
(05:21 / All) SHAWTYITYOBOOTY: I didn't want to
(05:22 / Allies) drinkmethanol: tped his own house
(05:26 / All) PingyMonkeys: needs more baww
(05:27 / All) SHAWTYITYOBOOTY: Level 1 hero isn't worth it
(05:29 / Allies) drinkmethanol: the devil made him do it
(06:30 / All) PingyMonkeys: level 1 hero not worth it?
(06:34 / All) PingyMonkeys: you are a moron
(06:37 / All) PingyMonkeys: yiou forgot that you tped
(06:38 / All) PingyMonkeys: a level 1 hero
(06:42 / All) PingyMonkeys: jokevill,e disneyland
(06:47 / All) SHAWTYITYOBOOTY: What?
(06:58 / All) SHAWTYITYOBOOTY: That made ab2
(07:02 / All) PingyMonkeys: huge laffville, disneyland
(07:06 / All) SHAWTYITYOBOOTY: Oh
(07:26 / All) PingyMonkeys: "i am a serious pro, and serious pros do not tp level 1 heros"
(07:27 / All) SHAWTYITYOBOOTY: Do you guys think you're good?
(07:31 / All) PingyMonkeys: *looks at inventory*
(07:37 / All) PingyMonkeys: *shits diaper*
(07:42 / Allies) drinkmethanol: oh LOL
(07:50 / All) SHAWTYITYOBOOTY: :(
(08:29 / All) PingyMonkeys: tp a level 3 hero? noob alert!
(08:37 / Allies) PingyMonkeys: click hh
(08:43 / All) LoRdTG: sorry i have 3 hunts
(08:47 / All) LoRdTG: thats 600 gold
(08:52 / All) PingyMonkeys: strong math
(08:55 / All) LoRdTG: level 3 hero 210
(08:57 / Allies) PingyMonkeys: are
(08:59 / Allies) PingyMonkeys: care
(09:02 / Allies) PingyMonkeys: let me tank
(09:05 / All) LoRdTG: about 810
(09:33 / Allies) PingyMonkeys: wood exists?
(10:04 / Allies) PingyMonkeys: lets hero this
(10:18 / Allies) PingyMonkeys: rpsot first
(10:48 / Allies) PingyMonkeys: dryad is the anti "2 hero raping me" unit
(11:22 / All) LoRdTG: leave
(11:30 / All) SHAWTYITYOBOOTY: Just for your infomation
(11:34 / All) SHAWTYITYOBOOTY: orc is my weakest race.
(11:46 / All) PingyMonkeys: onyl a noob cant use orc
(11:47 / All) SHAWTYITYOBOOTY: I'm playing orc for fun
(11:48 / All) PingyMonkeys: retard excuse
(12:01 / All) SHAWTYITYOBOOTY: Say what you want if I wanted to beast you I could believe that
(12:39 / All) LoRdTG: wow
(12:41 / All) LoRdTG: again
(12:46 / All) LoRdTG: with this gay start
(12:58 / All) SHAWTYITYOBOOTY: After this match
(13:05 / All) SHAWTYITYOBOOTY: Check this acct's profile if you think I'm lying
(13:08 / All) PingyMonkeys: u mad cuz im stylin on u 1v2?
(13:14 / All) SHAWTYITYOBOOTY: nigga no
(13:15 / All) SHAWTYITYOBOOTY: haha
(13:19 / All) PingyMonkeys: haha
(13:20 / All) PingyMonkeys: haha
(13:21 / All) SHAWTYITYOBOOTY: I'm not even taking this seriously
(13:27 / All) SHAWTYITYOBOOTY: Twoers righ
(13:56 / All) SHAWTYITYOBOOTY: I'm not playing seriously
(14:07 / All) SHAWTYITYOBOOTY: I'm glad your enjoying yourself
(15:38 / All) PingyMonkeys: 1v2
(15:38 / All) PingyMonkeys: 1v2
(15:40 / All) PingyMonkeys: 1v2
(15:53 / All) PingyMonkeys: bad vs
(15:54 / All) PingyMonkeys: 1
(15:56 / All) PingyMonkeys: 1 vs bad
(16:04 / All) SHAWTYITYOBOOTY: haha such newbs
(16:19 / All) PingyMonkeys: lol 1 siege unit
(16:20 / All) PingyMonkeys: laffo
(17:03 / All) PingyMonkeys: bad vs 1
(17:05 / All) PingyMonkeys: 1 vs bad
(17:33 / All) PingyMonkeys: "damn wyd he quit"
(17:36 / All) PingyMonkeys: "we are owning"
(17:38 / All) PingyMonkeys: lmao
(18:36 / All) PingyMonkeys: "dont worry bud, i will make him kill me for another 10% of game length
(18:39 / All) PingyMonkeys: "that will show him"
(20:02 / All) PingyMonkeys: "im raping him bro ill brt "
(20:04 / All) PingyMonkeys: "games almost over"